 Dungeon Crawl Stone Soup version 0.30-a0-799-g109b55a442 (webtiles) character file.

Game seed: 17908617055860624925

355 cheesebisquit the Chopper (level 6, -5/56 HPs)
             Began as a Minotaur Fighter on Feb 20, 2023.
             Slain by Menkaure (19 damage)
             ... on level 4 of the Dungeon.
             The game lasted 00:07:27 (2697 turns).

cheesebisquit the Chopper (Minotaur Fighter)        Turns: 2697, Time: 00:07:28

Health: -5/56      AC:  9    Str: 22    XL:     6   Next: 36%
Magic:  5/5        EV:  7    Int:  5    God:
Gold:   171        SH:  4    Dex: 10    Spells: 5/5 levels left

rFire   . . .      SeeInvis .    a - +0 war axe
rCold   . . .      Faith    .    c - +0 buckler
rNeg    . . .      Spirit   .    m - +0 chain mail
rPois   .          Reflect  .    (helmet restricted)
rElec   .          Harm     .    (no cloak)
rCorr   .          Rampage  .    (no gloves)
Will    .....                    (no boots) Stlth
                                 (no amulet)
HPRegen 0.29/turn                (no ring)
MPRegen 0.09/turn                (no ring)

@: no status effects
A: horns 2, retaliatory headbutt
a: no special abilities


You were on level 4 of the Dungeon.
You visited 1 branch of the dungeon, and saw 4 of its levels.

You collected 171 gold pieces.

Inventory:

Hand Weapons
 a - a +0 war axe (weapon)
 n - a +0 morningstar
Armour
 c - a +0 buckler (worn)
 m - a +0 chain mail (worn)
Wands
 r - a wand of flame (28)
Scrolls
 b - a scroll of fog {unknown}
 e - 4 scrolls of teleportation {unknown}
 h - a scroll of immolation {unknown}
 k - a scroll of acquirement {unknown}
 o - 3 scrolls of blinking {unknown}
 q - 2 scrolls of enchant armour {unknown}
 s - 3 scrolls of identify {unknown}
 t - 4 scrolls of magic mapping {unknown}
Potions
 d - a potion of lignification {unknown}
 f - 5 potions of degeneration {unknown}
 g - a potion of invisibility {unknown}
 i - a potion of flight {unknown}
 j - a potion of attraction {unknown}
 l - 2 potions of mutation {unknown}
 p - 2 potions of heal wounds {unknown}


   Skills:
 + Level 5.2 Fighting
 * Level 5.9 Axes
 + Level 5.3 Armour
 - Level 3.8 Shields


You had 5 spell levels left.
You didn't know any spells.
Your spell library contained the following spells:

 Spells                   Type           Power      Damage    Failure   Level
 Kindle Blastsparks       Fire/Tloc/Air  0%         2d10      100%        3
 Fulminant Prism          Conj/Hex       0%         3d5       100%        4
 Iskenderun's Mystic Bla  Conj/Tloc      0%         2d3       100%        4
 Lee's Rapid Deconstruct  Erth           0%         3d4*      100%        5


Dungeon Overview and Level Annotations

Branches:
Dungeon (4/15)
 Temple: D:4-7

Altars:

Annotations:
D:4 Menkaure


Innate Abilities, Weirdness & Mutations

You have a pair of horns on your head.
You reflexively headbutt those who attack you in melee.


Message History

You furiously retaliate!
You headbutt the hound zombie, but do no damage.
Found 2 glowing amethyst potions.
You hit Menkaure but do no damage. You headbutt Menkaure.
Menkaure is lightly damaged.
You slash the hound zombie! Menkaure hits you. The hound zombie bites you.
You barely miss the hound zombie.
The hound zombie is heavily damaged.
You hit Menkaure but do no damage.
The hound zombie bites you but does no damage.
You block Menkaure's attack.
The hound zombie bites you but does no damage.
You hit the hound zombie but do no damage.
You headbutt the hound zombie!
The hound zombie is almost destroyed.
You hit Menkaure but do no damage.
The hound zombie bites you but does no damage.
Menkaure barely misses you. You block the hound zombie's attack.
You slice the hound zombie!!
You destroy the hound zombie!
You barely miss Menkaure.
Menkaure calls on the powers of darkness!
Your body is wracked with pain!
You are too injured to fight recklessly!
You are too injured to fight recklessly!
You hit Menkaure.
You headbutt Menkaure, but do no damage.
Menkaure is lightly damaged.
Menkaure casts a spell.
Menkaure seems to speed up.
You barely miss Menkaure.
Menkaure is lightly damaged.
Menkaure calls on the powers of darkness!
Your body is wracked with pain!
* * * LOW HITPOINT WARNING * * *
Menkaure hits you but does no damage.
You barely miss Menkaure.
Menkaure is lightly damaged.
Menkaure hits you but does no damage. Menkaure hits you!!
You die...

#............
######.......#
##...##.......####
#)................
#..<..............
#.................
#....##.......###'
#.§§####+#######..
#@§§..§.... #..
#...M.§§§P.§...
#..
........§§§§.....
#..
........§8§P.....
#..
.......§§§...!...
#..
.#..#.##...#### #
### ####+ ##### #


You could see Menkaure (fast).

Vanquished Creatures
  Sigmund (D:3)
  An orc priest (D:3)
  Terence (D:2)
  Ijyb (D:3)
  A scorpion zombie (D:4)
  A hound zombie (D:4)
  An adder (D:2)
  A worm (D:4)
  3 dart slugs
  4 orcs (D:3)
  10 ball pythons
  3 bats
  2 endoplasms
  4 giant cockroaches
  13 goblins
  A hobgoblin (D:3)
  3 frilled lizards
  5 kobolds (D:1)
  3 rats
59 creatures vanquished.

Notes
Turn   | Place    | Note
-------+----------+-------------------------------------------
     0 | D:1      | cheesebisquit the Minotaur Fighter began the quest for the
                  | Orb.
     0 | D:1      | Reached XP level 1. HP: 19/19 MP: 0/0
    92 | D:1      | Reached XP level 2. HP: 27/27 MP: 1/1
   905 | D:2      | Reached XP level 3. HP: 31/33 MP: 2/2
  1308 | D:2      | Noticed Terence
  1312 | D:2      | Killed Terence
  1313 | D:2      | Reached XP level 4. HP: 28/40 MP: 3/3
  1939 | D:3      | Noticed Ijyb
  1949 | D:3      | Killed Ijyb
  1950 | D:3      | Reached XP level 5. HP: 31/47 MP: 4/4
  2139 | D:3      | Found a faded altar of an unknown god.
  2228 | D:3      | Noticed Sigmund
  2251 | D:3      | Killed Sigmund
  2252 | D:3      | Reached skill level 5 in Fighting
  2252 | D:3      | Reached skill level 5 in Axes
  2252 | D:3      | Reached skill level 5 in Armour
  2252 | D:3      | Reached XP level 6. HP: 20/56 MP: 5/5
  2687 | D:4      | Noticed Menkaure
  2697 | D:4      | Slain by Menkaure

Illustrated notes

Levels and vault maps discovered:
D:1:      lightli_arrival_statue_moat, layout_basic
D:2:      layout_basic, dk_vineyard_1, uniq_terence
D:3:      kennysheep_the_goblin_king, layout_basic, basic_ecumenical_altar,
          uniq_sigmund
D:4:      layout_gridville, serial_undead, serial_undead_c, serial_undead_a,
          serial_undead_e, serial_undead_e, uniq_menkaure

Skill      XL: |  1  2  3  4  5 |
---------------+----------------+-----
Axes           | 3 4 5 |  5.9
Armour         | 4 5 |  5.3
Fighting       | 4 5 |  5.2
Shields        | |  3.8

Action                     |  1- 3 |  4- 6 || total
---------------------------+-------+-------++-------
  Melee: War axe           |    57 |    66 ||   123
         Headbutt          |     8 |    10 ||    18
    Use: Potion            |       |     1 ||     1
 Armour: Scale mail        |    19 |     2 ||    21
         Chain mail        |       |    30 ||    30
  Dodge: Dodged            |    25 |    12 ||    37
  Block: Buckler           |    14 |    11 ||    25

Table legend: (Time is in decaauts)
 A = Elapsed time spent in this place.
 B = Non-inter-level travel time spent in this place.
 C = Inter-level travel time spent in this place.
 D = Time resting spent in this place.
 E = Time spent auto-exploring this place.
 F = Levels seen in this place.
 G = Mean time per level.
                   A        B        C        D        E       F      G
               +--------+--------+--------+--------+--------+-----+--------+
         Total |   2739 |   2558 |    181 |      0 |   2135 |   4 |  684.8 |
       Dungeon |   2739 |   2558 |    181 |      0 |   2135 |   4 |  684.8 |
               +--------+--------+--------+--------+--------+-----+--------+

Top non-repeatable levels by time:
     D:2: 1011 daAuts
     D:1: 817 daAuts
     D:3: 768 daAuts
     D:4: 141 daAuts
